 Dungeon Crawl Stone Soup version 0.31-a0-655-gf2d5465dac (webtiles) character file.

Game seed: 8443608765547204228

211828 Gargoyl the Warrior (level 18, -6/187 (192) HPs)
             Began as a Gargoyle Berserker on Aug 30, 2023.
             Was an Elder of Trog.
             Killed from afar by an eidolon (11 damage)
             ... with a bolt of negative energy
             ... on level 3 of the Vaults.
             The game lasted 00:48:52 (35542 turns).

Gargoyl the Warrior (Gargoyle Berserker)           Turns: 35542, Time: 00:48:53

HP:   -6/187 (192)  AC: 43    Str: 23      XL:     18   Next: 90%
MP:   1/18          EV: 25    Int:  6      God:    Trog [****..]
Gold: 1471          SH:  0    Dex: 18 (19) Spells: 17/17 levels left

rFire   + + .        D - +9 hand axe (freeze)
rCold   + . .        (no shield)
rNeg    + . .        K - +7 chain mail of Least Resistance {rCorr Int-4 Dex+3}
rPois   ∞            a - +2 hood of the Assassin {Detect Stab+ Stlth++}
rElec   +            y - +0 cloak
rCorr   +            Q - +2 pair of gloves {infuse}
SInv    +            L - +0 pair of boots
Will    +++..        A - amulet of the acrobat Stlth
                     b - ring "Ohumiy" {Fly rF++ EV+5 Dex+3 SInv}
HPRegen 1.51/turn    I - +5 ring of evasion
MPRegen 0.16/turn

%: acrobat, infuse magic (1 MP)
@: berserking, strong-willed, flying, regenerating, slowed, lightly drained
A: sickness immunity, AC +13, big wings, negative energy resistance 1,
electricity resistance, torment resistance 1, petrification resistance, cold
resistance 1
}: 1/15 runes: gossamer
a: Renounce Religion, Berserk, Trog's Hand, Brothers in Arms


You were on level 3 of the Vaults.
You worshipped Trog.
Trog was greatly pleased with you.
You visited 5 branches of the dungeon, and saw 29 of its levels.
You also visited: Gauntlet.

You collected 2743 gold pieces.
You spent 1272 gold pieces at shops.

Inventory:

Hand Weapons
 D - a +9 hand axe of freezing (weapon)
 T - a +2 war axe of distortion
 Y - a +3 executioner's axe of flaming
Missiles
 k - 6 curare-tipped darts (quivered)
 B - 18 poisoned darts
Armour
 a - the +2 hood of the Assassin (worn) {Detect Stab+ Stlth++}
   (You bought it in a shop on level 2 of the Orcish Mines)

   Detect:    It allows the wearer to sense nearby creatures.
   Stab+:     It allows the wearer to make particularly effective stabbing
   attacks against helpless or unaware enemies with any weapon.
   Stlth++:   It makes you much more stealthy.
 y - a +0 cloak (worn)
 K - the +7 chain mail of Least Resistance (worn) {rCorr Int-4 Dex+3}
   (You found it on level 5 of the Lair of Beasts)

   Int-4:     It affects your intelligence (-4).
   Dex+3:     It affects your dexterity (+3).
   rCorr:     It protects you from acid and corrosion.
 L - a +0 pair of boots (worn)
 Q - a +2 pair of gloves of infusion (worn)
Jewellery
 b - the ring "Ohumiy" (left hand) {Fly rF++ EV+5 Dex+3 SInv}
   (You acquired it on level 2 of the Dungeon)

   [ring of evasion]

   EV+5:      It affects your evasion (+5).
   Dex+3:     It affects your dexterity (+3).
   rF++:      It greatly protects you from fire.
   SInv:      It lets you see invisible.
   Fly:       It grants you flight.
 g - a ring of protection from cold
 t - a ring of protection from fire
 w - a +4 ring of protection
 A - an amulet of the acrobat (around neck)
 H - a +5 ring of evasion
 I - a +5 ring of evasion (right hand)
 N - a +5 ring of evasion
 O - a ring of willpower
 P - a ring of protection from cold
 U - a ring of willpower
 V - an amulet of faith
 X - a +6 ring of strength
 Z - the ring of the Sky {rC+ Int+3}
   (You found it on level 4 of the Spider Nest)

   [ring of protection from cold]

   Int+3:     It affects your intelligence (+3).
   rC+:       It protects you from cold.
Wands
 h - a wand of charming (4)
 m - a wand of digging (2)
 n - a wand of roots (12)
 x - a wand of flame (62)
 S - a wand of light (3)
Scrolls
 c - 6 scrolls of teleportation
 e - 4 scrolls of poison
 j - 3 scrolls of fear
 o - 2 scrolls of enchant armour
 p - 5 scrolls of fog
 v - 12 scrolls of identify
 F - 4 scrolls of immolation
 G - a scroll of blinking
Potions
 d - 2 potions of resistance
 f - 7 potions of ambrosia
 i - 10 potions of curing
 l - 5 potions of might
 r - 4 potions of enlightenment
 s - 5 potions of haste
 z - a potion of attraction
 C - 2 potions of heal wounds
 E - 3 potions of mutation
 J - 2 potions of invisibility
 M - 2 potions of magic
 R - 2 potions of lignification
 W - a potion of cancellation


   Skills:
 + Level 19.4 Fighting
 + Level 18.2(18.5) Axes
 + Level 5.9(14.1) Maces & Flails
 + Level 3.4 Throwing
 * Level 15.2 Armour
 * Level 11.5 Dodging
 + Level 8.1 Stealth


You had 17 spell levels left.
You didn't know any spells.
Your spell library was empty.

Dungeon Overview and Level Annotations

Branches:
Dungeon (15/15)            Temple (0/1) D:6            Lair (5/5) D:8
 Shoals (0/4) Lair:3       Spider (4/4) Lair:2        Slime (0/5) Lair:5
    Orc (2/2) D:11            Elf (0/3) Orc:2        Vaults (3/5) D:13
  Crypt (0/3) Vaults:3     Depths (0/4) D:15        Gauntlet (visited)

Altars:
Cheibriados
Dithmenos
Elyvilon
Fedhas
Gozag
Hepliaklqana
Makhleb
Nemelex Xobeh
Okawaru
Sif Muna
Trog
Uskayaw
Vehumet
Zin
The Shining One
Jiyva

Shops:
D:4 (   D:11 *   D:13 [   Orc:1 *   Orc:2 [:(=   Vaults:2 (   Vaults:3 [

Portals:
Desolation: Vaults:3

Annotations:
D:5 3 runed translucent doors, blacky4's ghost, amateur DsFi


Innate Abilities, Weirdness & Mutations

You are immune to sickness and miasma.
Your stone body is resilient. (AC +13)
You are immune to poison.
Your large and strong wings let you fly.
You resist negative energy. (rN+)
You are resistant to electric shocks. (rElec)
You are resistant to unholy torment.
You are immune to petrification.
Your flesh is cold resistant. (rC+)


Message History

You slash the ironbound frostheart! You freeze the ironbound frostheart.
You hit the vault sentinel. You freeze the vault sentinel. You hit the eidolon.
You slash the yaktaur captain! You freeze the yaktaur captain.
The yaktaur captain completely misses you.
The ironbound thunderhulk completely misses you.
You slash the eidolon!
The eidolon is severely damaged.
You slash the yaktaur captain! You freeze the yaktaur captain.
You hit the ironbound thunderhulk. You freeze the ironbound thunderhulk.
You hit the ironbound frostheart. You freeze the ironbound frostheart.
You slash the vault sentinel! You freeze the vault sentinel.
You barely miss the eidolon.
Electricity crackles from the ironbound thunderhulk's apparatus.
The bolt of lightning hits you! You resist.
* * * LOW HITPOINT WARNING * * *
The eidolon hits you!
* * * LOW HITPOINT WARNING * * *
The eidolon hits you but does no damage.
The vault sentinel blows a loud note on a signal horn!
The eidolon closely misses you.
The eidolon hits you but does no damage.
The ironbound frostheart misses you. The yaktaur captain hits you!
* * * LOW HITPOINT WARNING * * *
You slash the eidolon! You freeze the eidolon.
The eidolon is almost destroyed.
You slash the eidolon! You freeze the eidolon.
You hit the yaktaur captain but do no damage.
You slice the ironbound thunderhulk!! You freeze the ironbound thunderhulk.
You slash the ironbound frostheart! You freeze the ironbound frostheart.
You slash the vault sentinel! You freeze the vault sentinel.
The ironbound frostheart touches you but does no damage.
The eidolon hits you.
* * * LOW HITPOINT WARNING * * *
The eidolon hits you but does no damage.
The ironbound thunderhulk misses you.
Strange energies crackle from the ironbound thunderhulk's apparatus.
The ironbound thunderhulk blinks!
The vault sentinel misses you. The eidolon stares piercingly at you.
The bolt of negative energy hits you! You partially resist.
You feel drained.
You die...

,* ****+*******#..#,****,*,,,, ,*
**,,,.!..O..##..#,,,,,,*,,,, ,*
*,,,.........#..##**+*****,,
******,,*......#..#...#,,,,,,,*,,
,,,,,+,,,......O..#...#,,,,,,,*,,
,,,,,*,,,.#..#....#...#,,,,,,,*,,
,,,,,*,,,..$/...§.#...#,,,,,,,*,,
,,,,,*,,,..|$..OWc#...#,,,,,,,*,,
,,,,**,,,,*,,#.p@.'...#,,,,,,,*,,
,,,***,,,......pW.#...#*****+**,,
,,** *,,*......#..+.......,,>,,,,
,** *,,,.........#........,,,,,,
** **,,.......$##........,,,,,,
***##########........,,,,,,
#........,,,,,, #########******


You could see 3 ironbound thunderhulks, a yaktaur captain, 2 eidola, an
ironbound frostheart and a vault sentinel (catching breath).

Vanquished Creatures
  Arachne (Spider:3)
  Jorgrun (D:13)
  5 vault wardens
  3 emperor scorpions
  6 ghost moths
  A quicksilver ooze (Gauntlet)
  A war gargoyle (Vaults:2)
  The ghost of gyole the Metamorph, an adept SpDe of Jiyva (Spider:4)
  A formless jellyfish (Vaults:2)
  7 ironbound preservers
  Nessos (D:12)
  A stone giant (D:15)
  3 ironbound thunderhulks
  A minotaur (Gauntlet)
  4 spark wasps
  A crystal guardian (Vaults:1)
  2 entropy weavers
  3 yaktaur captains
  Fannar (Lair:3)
  A great orb of eyes (Vaults:2)
  A vault guard (Vaults:1)
  A rakshasa (D:15)
  7 hydras
  4 peacekeepers
  5 ironbound frosthearts
  2 centaur warriors
  3 radroaches
  4 two-headed ogres
  2 dancing weapons (D:13)
  8 boulder beetles
  4 orc high priests (Orc:2)
  5 demonic crawlers
  7 death yaks
  3 tengu warriors
  Nergalle (Lair:2)
  A skyshark (Lair:5)
  9 pharaoh ants
  20 deep trolls
  2 sun moths (Spider:3)
  4 harpies (Vaults:1)
  10 orb spiders
  4 wizards
  2 spectral wolf spiders (Spider:4)
  4 ironbound convokers
  7 steelbarb worms
  3 deep elf pyromancers
  8 lindwurms
  28 ugly things
  15 wolf spiders
  An oklob plant (Lair:4)
  3 orc sorcerers
  6 cyclopes
  4 moths of wrath
  2 manticores
  3 black mambas
  3 torpor snails
  11 cane toads
  2 orange demons (D:12)
  2 gargoyles
  7 vault sentinels
  6 komodo dragons
  3 emperor scorpion simulacra (Spider:4)
  3 unseen horrors (D:12)
  3 kobold demonologists (D:12)
  4 rime drakes
  2 tengu conjurers
  26 yaktaurs
  3 meliai (Spider:2)
  16 hornets
  5 trolls
  3 wolf spider simulacra (Spider:4)
  25 tarantellas
  6 polar bears
  15 blink frogs
  A dream sheep (Lair:5)
  22 jumping spiders
  A vampire (D:14)
  12 spriggans (Lair:5)
  18 culicivoras
  A shadow (D:10)
  5 wraiths
  27 slime creatures
  2 basilisks
  7 wyverns
  8 yaks
  2 chaos spawn (D:12)
  A steam dragon (D:8)
  68 redbacks
  Menkaure (D:7)
  14 vampire mosquitoes
  2 wargs (Orc:1)
  Edmund (D:4)
  An acid dragon (D:12)
  Duvessa (D:6)
  16 water moccasins
  16 orc warriors
  A sky beast (D:8)
  3 black bears
  2 ice beasts (D:6)
  25 wolves
  10 boggarts
  5 ogres
  7 centaurs
  4 kobold brigands
  10 bullfrogs
  3 scorpions
  14 wights
  Dowan (D:6)
  A hornet simulacrum (D:15)
  23 killer bees
  5 howler monkeys
  3 electric eels
  3 hounds
  3 jellies
  19 orc priests
  5 iguanas
  A sleepcap (D:7)
  Terence (D:3)
  Jessica (D:3)
  19 orc wizards
  Natasha (thrice) (D:3)
  3 gnolls (D:3)
  8 adders
  2 shadow imps
  2 white imps (D:6)
  4 worms
  5 dart slugs
  60 orcs
  3 ball pythons
  4 bats
  3 endoplasms
  2 giant cockroaches
  10 goblins
  6 hobgoblins
  14 kobolds
  4 quokkas
  3 frilled lizards
  2 rats (D:1)
  A butterfly (Lair:4)
918 creatures vanquished.

Vanquished Creatures (collateral kills)
  Aizul (Spider:2)
  A vault warden (Vaults:2)
  3 dire elephants (Vaults:2)
  The ghost of Ypoygep the Frost Mage, a journeyman NaIE of Qazlal (Lair:1)
  3 death yaks (Lair:3)
  A deep troll (Vaults:2)
  4 orc knights (Orc:2)
  3 lindwurms (Vaults:2)
  2 orc sorcerers (Orc:2)
  2 ugly things (Vaults:2)
  A komodo dragon (Lair:5)
  A red devil (D:12)
  2 hornets (Spider:4)
  A slime creature (Vaults:2)
  2 jumping spiders
  2 neqoxecs (D:12)
  2 redbacks (Spider:3)
  An orc warrior (Orc:2)
  An orc priest (Orc:2)
34 creatures vanquished.

Vanquished Creatures (others)
  A deep troll (Vaults:1)
  A kobold (D:12)
  A butterfly (D:8)
3 creatures vanquished.

Grand Total: 955 creatures vanquished

Notes
Turn   | Place    | Note
-------+----------+-------------------------------------------
     0 | D:1      | Gargoyl the Gargoyle Berserker began the quest for the Orb.
     0 | D:1      | Reached XP level 1. HP: 14/14 MP: 1/1
    82 | D:1      | Reached XP level 2. HP: 15/19 MP: 2/2
   252 | D:1      | You fall into a shaft and drop 1 floor!
   357 | D:2      | Reached XP level 3. HP: 20/23 MP: 3/3
   916 | D:2      | Reached ** piety under Trog
   945 | D:2      | Identified a scroll of acquirement
   945 | D:2      | Acquired the ring "Ohumiy" {Fly rF++ EV+5 Dex+3 SInv}
   986 | D:2      | Reached XP level 4. HP: 24/29 MP: 4/4
  1103 | D:2      | Reached skill level 4 in Fighting
  1466 | D:3      | Reached XP level 5. HP: 29/33 MP: 5/5
  1896 | D:3      | Noticed Jessica
  1901 | D:3      | Killed Jessica
  2116 | D:3      | Noticed Terence
  2134 | D:3      | Killed Terence
  2213 | D:3      | Noticed Natasha
  2220 | D:3      | Killed Natasha
  2221 | D:3      | Reached XP level 6. HP: 35/39 MP: 6/6
  2295 | D:3      | Noticed Natasha
  2306 | D:3      | Killed Natasha
  2379 | D:3      | Noticed Natasha
  2386 | D:3      | Killed Natasha
  2461 | D:3      | Found a faded altar of an unknown god.
  2533 | D:4      | Reached skill level 5 in Axes
  2560 | D:4      | Reached XP level 7. HP: 24/44 MP: 7/7
  2658 | D:4      | Reached skill level 5 in Fighting
  2811 | D:4      | Noticed Edmund
  2818 | D:4      | Killed Edmund
  2881 | D:4      | Found Jomietun's Weapon Boutique.
  2955 | D:4      | Reached *** piety under Trog
  3165 | D:5      | Entered Level 5 of the Dungeon
  3216 | D:5      | Found a runed translucent gate.
  3217 | D:5      | Found a runed translucent gate.
  3217 | D:5      | Found a runed translucent gate.
  3261 | D:5      | Noticed blacky4's ghost (amateur DsFi)
  3476 | D:5      | Found a hazy altar of Hepliaklqana.
  3672 | D:6      | Noticed a yak
  3672 | D:6      | Noticed a yak
  3687 | D:5      | Killed a yak
  3688 | D:5      | Reached XP level 8. HP: 50/50 MP: 8/8
  3740 | D:5      | Killed a yak
  3784 | D:6      | Noticed a yak
  3785 | D:6      | Noticed a yak
  3794 | D:6      | Killed a yak
  3798 | D:6      | Killed a yak
  3799 | D:6      | Reached skill level 6 in Fighting
  3800 | D:6      | Reached skill level 5 in Armour
  3857 | D:6      | Noticed Duvessa
  3862 | D:6      | Noticed Dowan
  3865 | D:6      | Found a staircase to the Ecumenical Temple.
  3873 | D:6      | Killed Dowan
  3887 | D:6      | Killed Duvessa
  4062 | D:6      | Reached XP level 9. HP: 56/56 MP: 9/9
  4148 | D:6      | Found a hide-covered altar of Uskayaw.
  4322 | D:6      | Found a snail-covered altar of Cheibriados.
  4423 | D:6      | Reached skill level 7 in Fighting
  5185 | D:7      | Found a sparkling altar of Nemelex Xobeh.
  5267 | D:7      | Noticed Menkaure
  5281 | D:7      | Killed Menkaure
  5282 | D:7      | Found a shadowy altar of Dithmenos.
  5556 | D:7      | Reached **** piety under Trog
  5682 | D:7      | Found a shimmering blue altar of Sif Muna.
  5926 | D:8      | Found a radiant altar of Vehumet.
  6017 | D:8      | Reached XP level 10. HP: 56/64 MP: 10/10
  6056 | D:8      | Found a white marble altar of Elyvilon.
  6173 | D:8      | Found a staircase to the Lair.
  6184 | D:8      | Reached skill level 8 in Fighting
  6388 | D:8      | Found an opulent altar of Gozag.
  6390 | D:8      | Found a burning altar of Makhleb.
  6437 | D:8      | Reached skill level 10 in Axes
  6640 | Lair:1   | Entered Level 1 of the Lair of Beasts
  6657 | Lair:1   | Noticed a cane toad
  6668 | Lair:1   | Killed a cane toad
  6704 | Lair:1   | Noticed a cane toad
  6710 | Lair:1   | Killed a cane toad
  6711 | Lair:1   | Reached skill level 1 in Stealth
  6732 | Lair:1   | Noticed a cane toad
  6745 | Lair:1   | Killed a cane toad
  6954 | Lair:1   | Noticed a cane toad
  6974 | Lair:1   | Noticed a cane toad
  6975 | Lair:1   | Noticed a cane toad
  6983 | Lair:1   | Killed a cane toad
  6991 | Lair:1   | Killed a cane toad
  6992 | Lair:1   | Reached XP level 11. HP: 54/69 MP: 11/11
  7067 | Lair:1   | Reached skill level 5 in Dodging
  7120 | Lair:1   | Reached skill level 9 in Fighting
  7150 | Lair:1   | Found a runed translucent door.
  7155 | Lair:1   | Noticed Ypoygep's ghost (journeyman NaIE)
  7496 | Lair:1   | Killed Ypoygep's ghost
  7561 | Lair:2   | Noticed a five-headed hydra
  7575 | Lair:2   | Killed a five-headed hydra
  7748 | Lair:2   | Found a hole to the Spider Nest.
  7748 | Lair:2   | Noticed a pharaoh ant
  7974 | Lair:2   | Reached skill level 1 in Maces & Flails
  7980 | Lair:2   | Noticed Nergalle
  8002 | Lair:2   | Killed Nergalle
  8239 | Lair:2   | Killed a pharaoh ant
  8240 | Lair:2   | Reached skill level 10 in Fighting
  8673 | Lair:2   | Noticed a boulder beetle
  8697 | Lair:2   | Killed a boulder beetle
  8698 | Lair:2   | Reached XP level 12. HP: 53/77 MP: 12/12
  8944 | Lair:3   | Reached skill level 1 in Throwing
  9042 | Lair:3   | Noticed a death yak
  9062 | Lair:3   | Killed a death yak
  9070 | Lair:3   | Noticed a death yak
  9075 | Lair:3   | Noticed a death yak
  9076 | Lair:3   | Noticed a death yak
  9076 | Lair:3   | Noticed a death yak
  9076 | Lair:3   | Noticed a death yak
  9094 | Lair:3   | Killed a death yak
  9094 | Lair:3   | Killed a death yak
  9100 | Lair:3   | Killed a death yak
  9108 | Lair:3   | Killed a death yak
  9111 | Lair:3   | Killed a death yak
  9159 | Lair:3   | Found a staircase to the Shoals.
  9586 | Lair:3   | Noticed Fannar
  9590 | Lair:3   | Reached skill level 11 in Fighting
  9597 | Lair:3   | Killed Fannar
 10898 | Lair:5   | Entered Level 5 of the Lair of Beasts
 10919 | Lair:5   | Noticed a death yak
 10934 | Lair:5   | Reached skill level 5 in Stealth
 10936 | Lair:5   | Reached XP level 13. HP: 78/84 MP: 13/13
 11251 | Lair:5   | Identified the +7 chain mail of Least Resistance {rCorr
                  | Int-4 Dex+3}
 11351 | Lair:5   | Reached skill level 12 in Fighting
 12588 | Lair:5   | Found a viscous altar of Jiyva.
 12593 | Lair:5   | Found a staircase to the Slime Pits.
 13051 | D:9      | Gained mutation: Your large and strong wings let you fly.
                  | [Gargoyle growth]
 13051 | D:9      | Reached XP level 14. HP: 92/92 MP: 14/14
 13225 | D:9      | Identified the +1 robe of Zyhib {Stlth+}
 13305 | D:9      | Reached ***** piety under Trog
 13756 | D:9      | Found an iron altar of Okawaru.
 13827 | D:10     | Entered Level 10 of the Dungeon
 13985 | D:10     | Found a glowing silver altar of Zin.
 14238 | D:10     | Found a bloodstained altar of Trog.
 14472 | D:10     | Found Uner's Magic Scroll Shoppe.
 14674 | D:11     | Gained mutation: Your flesh is cold resistant. (rC+)
                  | [potion of mutation]
 14677 | D:11     | Found Femusag's Demolitions Depot.
 14683 | D:11     | Reached skill level 13 in Fighting
 14834 | D:11     | Found a staircase to the Orcish Mines.
 14836 | D:11     | Received a gift from Trog
 14960 | D:11     | Identified the +0 robe "Unnai" {rPois Int+3 Slay+2}
 15332 | D:11     | Reached skill level 5 in Maces & Flails
 15758 | D:12     | Found a gate leading to a gauntlet.
 15767 | Gauntlet | Entered a Gauntlet
 15767 | Gauntlet | Found the +3 pair of seven-league boots {Rampage+∞}
 15767 | Gauntlet | Found a transporter.
 15767 | Gauntlet | Found a runed translucent door.
 15767 | Gauntlet | Found a transporter.
 15767 | Gauntlet | Found a transporter.
 15767 | Gauntlet | Found a runed translucent door.
 15775 | Gauntlet | Found a transporter.
 15775 | Gauntlet | Found a transporter.
 15807 | Gauntlet | Found a transporter.
 15807 | Gauntlet | Found a transporter.
 15826 | Gauntlet | Noticed a quicksilver ooze
 15830 | Gauntlet | Identified the amulet "Pikyoll" {RegenMP rC+ SInv}
 15836 | Gauntlet | Found a transporter.
 15842 | Gauntlet | Killed a quicksilver ooze
 15988 | D:12     | Noticed Nessos
 15990 | D:12     | Reached skill level 10 in Armour
 16299 | D:12     | Killed Nessos
 16948 | D:13     | Found a gate to the Vaults.
 17036 | D:13     | Found Jebar's Antique Armour Shop.
 17044 | D:13     | Bought a pair of embroidered gloves for 210 gold pieces
 17392 | D:13     | Noticed Jorgrun
 17407 | D:13     | Killed Jorgrun
 17408 | D:13     | Reached skill level 14 in Fighting
 17408 | D:13     | Reached skill level 15 in Axes
 17916 | D:14     | Reached XP level 15. HP: 100/100 MP: 6/15
 19047 | D:15     | Entered Level 15 of the Dungeon
 20343 | D:15     | Found a staircase to the Depths.
 20550 | D:15     | Reached skill level 15 in Fighting
 20829 | D:15     | Found a blossoming altar of Fedhas.
 21062 | Orc:1    | Entered Level 1 of the Orcish Mines
 21451 | Orc:1    | Found Naucouj's General Store.
 21575 | Orc:1    | Bought a potion of curing for 42 gold pieces
 21904 | Orc:2    | Entered Level 2 of the Orcish Mines
 22223 | Orc:2    | Found a staircase to the Elven Halls.
 22630 | Orc:2    | Found Nohujit's Jewellery Shop.
 22865 | Orc:2    | Received a gift from Trog
 22866 | Orc:2    | Found Diasono's Armour Shop.
 22868 | Orc:2    | Found Ilagryume's Antique Weapon Shoppe.
 22868 | Orc:2    | Found Jiellir's Book Shoppe.
 22979 | Orc:2    | Bought the +2 hood of the Assassin {Detect Stab+ Stlth++}
                  | for 1020 gold pieces
 22979 | Orc:2    | Found the +2 hood of the Assassin {Detect Stab+ Stlth++}
 23199 | Spider:1 | Entered Level 1 of the Spider Nest
 23269 | Spider:1 | Identified the +2 chain mail "Umom" {*Slow rCorr Int-2
                  | Dex+9}
 23511 | Spider:1 | Noticed a ghost moth
 23519 | Spider:1 | Killed a ghost moth
 23520 | Spider:1 | Reached XP level 16. HP: 110/110 MP: 2/16
 23647 | Spider:1 | Reached skill level 16 in Fighting
 25336 | Spider:2 | Noticed Aizul
 25354 | Spider:2 | Killed Aizul
 25357 | Spider:2 | You are sucked into a shaft and drop 1 floor!
 25789 | Spider:3 | Noticed Arachne
 25815 | Spider:3 | Killed Arachne
 26097 | Spider:1 | Reached skill level 10 in Dodging
 26544 | Spider:2 | Reached skill level 17 in Fighting
 27762 | Spider:4 | Entered Level 4 of the Spider Nest
 27773 | Spider:4 | Reached XP level 17. HP: 117/117 MP: 4/17
 28328 | Spider:4 | Received a gift from Trog
 29401 | Spider:4 | Found a transporter.
 29436 | Spider:4 | Noticed gyole's ghost (adept SpDe)
 29466 | Spider:4 | Found a transporter.
 29714 | Spider:4 | Identified the +1 hat of a Million Artisans {rPois rC+
                  | Regen+ Int+2}
 29744 | Spider:4 | Got a gossamer rune of Zot
 29924 | Spider:4 | Received a gift from Trog
 29931 | Spider:4 | Reached skill level 18 in Fighting
 29991 | Spider:4 | Killed gyole's ghost
 30001 | Spider:4 | Identified the ring of the Sky {rC+ Int+3}
 30280 | Vaults:1 | Entered Level 1 of the Vaults
 31787 | Vaults:1 | Reached XP level 18. HP: 93/126 MP: 2/18
 33286 | Vaults:2 | Reached skill level 19 in Fighting
 33856 | Vaults:2 | Reached skill level 15 in Armour
 34691 | Vaults:2 | Found Kissau Coce's Weapon Boutique.
 35481 | Vaults:3 | Found Ahetwuit's Armour Boutique.
 35491 | Vaults:3 | Found a glowing golden altar of the Shining One.
 35491 | Vaults:3 | Found a white marble altar of Elyvilon.
 35492 | Vaults:3 | Found a crumbling gateway.
 35493 | Vaults:3 | Found a glowing silver altar of Zin.
 35541 | Vaults:3 | HP: 7/192 [yaktaur captain (7)]
 35542 | Vaults:3 | Killed from afar by an eidolon

Illustrated notes

Levels and vault maps discovered:
D:1:      dpeg_arrival_arbitrary_a, layout_rooms
D:2:      layout_loops_ring
D:3:      layout_basic, shapermc_ecumenical_altar_acropolis,
          kennysheep_nondescript, supply_closet_lemuel, wad_orctagon,
          uniq_natasha, uniq_terence, uniq_jessica
D:4:      layout_basic, serial_shops, shop, uniq_edmund
D:5:      layout_rooms, mainiacjoe_overflow_chevrons, ebering_ghost_rock_garden
D:6:      layout_loops_ring, mainiacjoe_overflow_concentric_impassable,
          general_overflow_altar, minmay_temple_entry_junction_2, uniq_duvessa
D:7:      layout_loops_corners, nemelex_dance_club_becter,
          grunt_dithmenos_smoke, nicolae_overflow_hidden_temple, uniq_menkaure
D:8:      layout_rooms, nicolae_elyvilon_peaceful_grove, vehumet_altar_wand_db,
          mainiacjoe_overflow_divided_tiny, lair_entry_dummy
D:9:      layout_basic, kennysheep_okawaru_gauntlet
D:10:     layout_loops_ring, old_standard_altar, trog_antimagical, serial_shops,
          shop
D:11:     layout_loops_cross, david_orc_3, nicolae_blasting_shop,
          lemuel_flame_loot_1
D:12:     layout_cave_pools, gauntlet_entry_generic, nicolae_neqoxec_dot_bat,
          uniq_nessos
D:13:     layout_basic, erik_vaults_1, serial_shops,
          nicolae_shop_temple_entry_statues_fountains, uniq_jorgrun
D:14:     layout_stronghold, dk_noncrumbling_4
D:15:     grunt_enter_depths_snipers, layout_layer_cave,
          fedhas_altar_fruit_tree, portal_ice_cave_entry_ugly_swarm
Lair:1:   layout_cave_pods, ebering_ghost_reflecting_pool,
          chequers_serial_rivers_large_a, pdpol_lair_neglected_garden,
          eino_small_chamber_without_monster
Lair:2:   layout_small_grid, nicolae_spider_entry_lesser_pyramids,
          lemuel_fruit_tree, uniq_nergalle
Lair:3:   layout_cellular_growth, elwin_shoals_entry_rocks, uniq_fannar
Lair:4:   layout_concentric_octagons, infiniplex_staircase_pool,
          lemuel_fruit_fields
Lair:5:   minmay_lair_end_enchanted_forest, layout_layer_cave, slime_entry_1
Spider:1: layout_spider_delve
Spider:2: layout_cave_pods, uniq_aizul
Spider:3: layout_spider_delve, nicolae_spider_nook, uniq_arachne
Spider:4: spider_rune_water, gammafunk_ghost_mausoleum
Orc:1:    layout_diamond_mine, serial_shops, nicolae_shop_pleasant_corner_grove
Orc:2:    st_orc_elflike, layout_diamond_mine, nicolae_orc_tapped_out
Vaults:1: nicolae_vaults_apartment_1, nicolae_vaults_steering_wheel,
          ontoclasm_vaults_ring_small, v_misc_29, ontoclasm_vaults_tryst,
          vaults_room_stairs_pillars, vaults_dpeg_ring, layout_vaults_omnigrid
Vaults:2: nicolae_vaults_wine_cellar, nicolae_vaults_closet_pinwheel_6,
          grunt_vaults_twisty, nicolae_vaults_sesquioval_fish,
          nicolae_vaults_tetromino_L_2, vaults_room_pools, v_alt_pattern_6,
          vaults_room_door_ring, layout_vaults_chaotic_city, serial_shops, shop
Vaults:3: portal_desolation_entry_holy_temple, nicolae_vaults_stand_back,
          nicolae_vaults_diamond_2, vaults_dpeg_hooks,
          nicolae_vaults_tetromino_T_2, blue_anna_dwarven_crypt,
          grunt_vaults_focal, vaults_room_door_hall, nicolae_vaults_house_3,
          nicolae_vaults_ring_of_whatevers, vaults_room_stairs_pillars,
          nicolae_vaults_storage_closets_1, nicolae_vaults_triangles,
          layout_vaults_omnibox, serial_shops, shop, shop, uniq_donald

Skill      XL: |  1  2  3  4  5  6  7  8  9 10 11 12 13 14 15 16 17 18 |
---------------+-------------------------------------------------------+-----
Axes           | 3 4 5 6 8 9 11 12 13 14 15 16 17 18 | 18.2
Fighting       | 4 5 6 7 8 10 11 12 14 15 17 18 19 | 19.4
Armour         | 3 4 5 6 7 8 9 10 12 13 14 15 | 15.2
Dodging        | 2 3 4 6 7 8 9 10 11 | 11.5
Stealth        | 1 3 5 6 7 8 |  8.1
Maces & Flails | 1 4 5 |  5.9
Throwing       | 1 2 3 |  3.4

Action                     |  1- 3 |  4- 6 |  7- 9 | 10-12 | 13-15 | 16-18 || total
---------------------------+-------+-------+-------+-------+-------+-------++-------
  Melee: Hand axe          |    94 |   168 |   380 |   472 |  1177 |  1232 ||  3523
         Punch             |     1 |     1 |     7 |     9 |    22 |    30 ||    70
         Flail             |       |       |       |    10 |    56 |       ||    66
  Throw: Dart              |       |       |     4 |     3 |     5 |    26 ||    38
 Invoke: Berserk           |       |     2 |    11 |     7 |    14 |    20 ||    54
         Trog's Hand       |       |     1 |       |     5 |     9 |    11 ||    26
         Brothers in Arms  |       |       |       |     3 |     9 |     9 ||    21
    Use: Scroll            |     3 |     2 |     6 |    12 |    10 |     6 ||    39
         Potion            |       |       |       |     5 |     2 |     2 ||     9
   Stab: Sleeping          |       |       |       |     7 |       |    11 ||    18
         Distracted        |       |       |       |       |     1 |     3 ||     4
 Armour: Scale mail        |    51 |    49 |   128 |    37 |       |       ||   265
         Animal skin       |     2 |       |       |       |       |       ||     2
         Troll leather arm |       |       |       |    79 |    30 |       ||   109
         Chain mail        |       |       |       |       |   361 |   617 ||   978
  Dodge: Dodged            |    72 |   128 |   289 |   427 |  1449 |  1760 ||  4125

Table legend: (Time is in decaauts)
 A = Elapsed time spent in this place.
 B = Non-inter-level travel time spent in this place.
 C = Inter-level travel time spent in this place.
 D = Time resting spent in this place.
 E = Time spent auto-exploring this place.
 F = Levels seen in this place.
 G = Mean time per level.
                   A        B        C        D        E       F      G
               +--------+--------+--------+--------+--------+-----+--------+
         Total |  34897 |  33274 |   1623 |   3467 |  22961 |  30 | 1163.2 |
       Dungeon |  14596 |  13815 |    781 |    719 |  10118 |  15 |  973.1 |
          Lair |   6323 |   5948 |    375 |    749 |   3930 |   5 | 1264.6 |
   Spider Nest |   6722 |   6483 |    239 |   1351 |   3811 |   4 | 1680.5 |
  Orcish Mines |   1952 |   1855 |     97 |    166 |   1372 |   2 |  976.0 |
        Vaults |   5103 |   4974 |    129 |    401 |   3726 |   3 | 1701.0 |
      Gauntlet |    199 |    199 |      0 |     79 |      3 |   1 |  199.0 |
               +--------+--------+--------+--------+--------+-----+--------+

Top non-repeatable levels by time:
Vaults:1: 2686 daAuts
Vaults:2: 2359 daAuts
Spider:4: 2248 daAuts
Spider:2: 1827 daAuts
    D:14: 1768 daAuts
    D:15: 1649 daAuts
  Lair:5: 1496 daAuts
Spider:1: 1480 daAuts
  Lair:2: 1431 daAuts
  Lair:4: 1217 daAuts
  Lair:3: 1205 daAuts
Spider:3: 1166 daAuts
     D:3: 1152 daAuts
     D:7: 1126 daAuts
    D:11: 1037 daAuts
